 Dungeon Crawl Stone Soup version 0.29.0-4-gdea44cf6ec (webtiles) character file.

Game seed: 8334559522653374874

37928 qw the Severer (level 13, -1/174 HPs)
             Began as a Minotaur Berserker on Sept 6, 2022.
             Was an Elder of Trog.
             Slain by a harpy (2 damage)
             ... on level 5 of the Lair of Beasts.
             The game lasted 00:05:38 (17737 turns).

qw the Severer (Minotaur Berserker)                Turns: 17737, Time: 00:05:39

Health: -1/174     AC: 18    Str: 27    XL:     13   Next: 61%
Magic:  0/12       EV: 11    Int:  7    God:    Trog [****..]
Gold:   862        SH: 18    Dex: 12    Spells: 12/12 levels left

rFire   + . .      SeeInvis .   Y - +4 broad axe (vorpal)
rCold   . . .      Faith    .   s - +0 tower shield
rNeg    . . .      Spirit   +   q - +0 plate armour
rPois   +          Reflect  .   j - +1 hat {Int+3}
rElec   .          Harm     .   w - +0 cloak
rCorr   .          Rampage  .   (no gloves)
Will    .....                   p - +0 pair of boots
Stlth   ..........              b - amulet of guardian spirit
HPRegen 0.39/turn               i - ring "Fyuxtai" {rPois rF+ Str+2}
MPRegen 0.13/turn               h - +4 ring of evasion

@: berserking, lethally poisoned (-1 -> -24), very quick
A: horns 2, retaliatory headbutt
a: Renounce Religion, Berserk, Trog's Hand, Brothers in Arms


You were on level 5 of the Lair of Beasts.
You worshipped Trog.
Trog was greatly pleased with you.
You visited 2 branches of the dungeon, and saw 15 of its levels.

You collected 890 gold pieces.
You spent 28 gold pieces at shops.


Innate Abilities, Weirdness & Mutations

You have a pair of horns on your head.
You reflexively headbutt those who attack you in melee.


   Skills:
 - Level 11.0 Fighting
 - Level 18.0 Axes
 - Level 1.4 Throwing
 - Level 10.0 Armour
 + Level 4.3 Dodging
 - Level 16.0 Shields


You had 12 spell levels left.
You didn't know any spells.
Your spell library was empty.

Inventory:

Hand Weapons
 r - a +1 morningstar of draining
 Y - a +4 vorpal broad axe (weapon)
Armour
 j - a +1 hat of intelligence (worn)
 p - a +0 pair of boots (worn)
 q - a +0 plate armour (worn)
 s - a +0 tower shield (worn)
 w - a +0 cloak (worn)
Jewellery
 b - an amulet of guardian spirit (around neck)
 h - a +4 ring of evasion (right hand)
 i - the ring "Fyuxtai" (left hand) {rPois rF+ Str+2}
   (You acquired it on level 4 of the Dungeon)

   [ring of poison resistance]

   Str:       It affects your strength (+2).
   rF:        It protects you from fire.
   rPois:     It protects you from poison.
 m - a +6 ring of strength
 n - an amulet of the acrobat
 u - a ring of protection from fire
Scrolls
 g - 5 scrolls of teleportation
 k - 3 scrolls of identify
Potions
 c - 3 potions of mutation
 d - 2 potions of haste
 f - 5 potions of curing
 l - 2 potions of might
 o - 2 potions of heal wounds
 x - 2 potions of resistance

Dungeon Overview and Level Annotations

Branches:
Dungeon (10/15)            Temple (0/1) D:7            Lair (5/5) D:10
 Shoals (0/4) Lair:2       Spider (0/4) Lair:2
  Slime: Lair:4-5       Orc: D:9-12

Altars:
Makhleb
Ru

Shops:
D:1 ?!=:

Annotations:
D:1 2 transporters


Message History

You closely miss the komodo dragon. You hit the elephant but do no damage.
You feel very sick.
The manticore flicks its tail.
The volley of spikes misses you.
The komodo dragon hisses menacingly.
The komodo dragon barely misses you. You block the elephant's attack.
The elephant barely misses you. The wind drake flaps its wings at you.
The air twists around and strikes you!
The blink frog croaks.
You open the sea snake like a pillowcase!!!
You kill the sea snake!
Trog accepts your kill.
You slice the elephant!! You barely miss the 11-headed hydra.
You hit the komodo dragon.
You feel very sick.
You hear an angry hiss.
You block the snapping turtle's attack. The komodo dragon bites you!!
The 11-headed hydra bites you but does no damage.
The 11-headed hydra bites you! You block the 11-headed hydra's attack.
The 11-headed hydra bites you but does no damage.
You block the 11-headed hydra's attack. The 11-headed hydra bites you!
You block the 11-headed hydra's attack. The 11-headed hydra bites you!
The 11-headed hydra bites you but does no damage.
The 11-headed hydra closely misses you. The 11-headed hydra bites you.
The elephant barely misses you. You furiously retaliate!
You headbutt the elephant!
The elephant trunk-slaps you but does no damage.
Your Shields skill increases to level 16!
You slash the wind drake!
You feel the power of Trog in you as your rage grows.
You kill the wind drake!
Trog accepts your kill.
You hit the harpy. You slash the elephant!
You lop one of the 11-headed hydra's heads off!
The ten-headed hydra grows two more!
You slash the 12-headed hydra! You hit the komodo dragon.
You feel very sick. You block the harpy's attack. The harpy claws you.
You die...

..........P# #....:
...........# # ##.....
...........###.# #..=...
...........P.$##..P~......
..~.~~D..%~...~.~.~.~.~.~~
...##~~##~~#~~~##~.#~~~#~~
. ~##~~##%~##~~~~~~#~~~#~~
~~~~~~%lHt~~~~~ ~P~~~~~~
.~~.~HD@Y~F~~~~ ~P~P~P~~
...##~#######~### ########
..~ #P ~.F # .. P~ ~~~ ~
P~ ~# #~~ ~~# 8~~


You could see a 12-headed hydra, an elephant, a snapping turtle, a manticore, a
komodo dragon, a harpy and a blink frog.

Vanquished Creatures
  Gastronok (D:8)
  A hydra (Lair:3)
  Fannar (Lair:1)
  A boulder beetle (Lair:3)
  3 two-headed ogres
  6 death yaks (Lair:3)
  A sea snake (Lair:5)
  Pikel (D:5)
  6 elephants
  3 black mambas
  Joseph (D:8)
  A gargoyle (D:10)
  11 cane toads
  A torpor snail (Lair:2)
  Maggie (D:8)
  A kobold demonologist (D:10)
  7 komodo dragons
  A rime drake (Lair:2)
  A troll (D:10)
  8 polar bears
  A hornet (Lair:5)
  Grinder (D:4)
  A wind drake (Lair:5)
  A snapping turtle (Lair:2)
  19 blink frogs
  2 wraiths (D:10)
  7 wyverns
  27 yaks
  A vampire (D:8)
  2 basilisks
  4 steam dragons
  An acid dragon (D:10)
  10 water moccasins
  3 orc warriors
  Duvessa (D:4)
  11 black bears
  An ice beast (D:5)
  2 centaurs
  9 wolves
  2 ogres
  A phantom (D:5)
  3 lemures (D:5)
  Blork the orc (D:5)
  7 kobold brigands
  9 bullfrogs
  A necrophage (D:7)
  A gnoll sergeant (D:8)
  2 scorpions
  Dowan (D:4)
  13 wights
  10 killer bees
  2 howler monkeys (D:8)
  6 electric eels
  4 hounds
  A jelly (D:4)
  An orc priest (D:9)
  Ijyb (D:4)
  4 iguanas
  5 orc wizards
  4 gnolls (D:8)
  9 adders
  A shadow imp (D:5)
  An ufetubus (D:5)
  3 worms
  3 dart slugs
  21 orcs
  3 ball pythons
  6 bats
  7 endoplasms
  A giant cockroach (D:2)
  11 hobgoblins
  6 jackals
  4 quokkas
  3 frilled lizards
  4 goblins
  12 kobolds
  8 rats
343 creatures vanquished.

Vanquished Creatures (others)
  8 fungi
  42 plants
50 creatures vanquished.

Grand Total: 393 creatures vanquished

Notes
Turn   | Place    | Note
-------+----------+-------------------------------------------
     0 | D:1      | qw the Minotaur Berserker began the quest for the Orb.
     0 | D:1      | Reached XP level 1. HP: 19/19 MP: 0/0
     0 | D:1      | 0 ||| qw: Version: 0.1-a-108-g9e35731
     0 | D:1      | 0 ||| qw: Game counter: 6195
     0 | D:1      | 0 ||| qw: Always use a shield: true
     0 | D:1      | 0 ||| qw: Do Orc after D:15 true
     0 | D:1      | 0 ||| qw: Do second Lair branch before Depths: true
     0 | D:1      | 0 ||| qw: Lair rune preference: random
     0 | D:1      | 0 ||| qw: Plans: Normal
     0 | D:1      | 0 ||| PLANNING D:1-11
   123 | D:1      | Reached skill level 4 in Axes
   232 | D:1      | 232 ||| Stepping ~*~*~tactically~*~*~ (stealth).
   234 | D:1      | 234 ||| Stepping ~*~*~tactically~*~*~ (stealth).
   241 | D:1      | 241 ||| INVOKING Berserk.
   441 | D:1      | Reached XP level 2. HP: 26/26 MP: 1/1
   499 | D:1      | Found Ynoi's Book Shop.
   513 | D:1      | Found Taeroirhi's Jewellery Emporium.
   515 | D:1      | 515 ||| DROPPING +0 club.
   542 | D:1      | 542 ||| SHOPLISTING amulet "Fam Zot" {Acrobat -Cast *Slow
                  | Str+10 SInv} (595 gold, have 28).
   542 | D:1      | 542 ||| SHOPLISTING amulet of reflection (360 gold, have
                  | 28).
   542 | D:1      | 542 ||| SHOPLISTING ring "Ilysal" {EV+4 Dex+4} (616 gold,
                  | have 28).
   542 | D:1      | 542 ||| SHOPLISTING ring of protection from cold (300 gold,
                  | have 28).
   542 | D:1      | 542 ||| SHOPLISTING ring of resist corrosion (240 gold,
                  | have 28).
   542 | D:1      | 542 ||| SHOPLISTING ring of willpower (300 gold, have 28).
   571 | D:1      | 571 ||| Stepping ~*~*~tactically~*~*~ (stealth).
   574 | D:1      | 574 ||| Stepping ~*~*~tactically~*~*~ (stealth).
   576 | D:1      | 576 ||| Stepping ~*~*~tactically~*~*~ (stealth).
   577 | D:1      | 577 ||| Stepping ~*~*~tactically~*~*~ (stealth).
   584 | D:1      | 584 ||| Stepping ~*~*~tactically~*~*~ (stealth).
   820 | D:1      | 820 ||| Stepping ~*~*~tactically~*~*~ (hiding).
   822 | D:1      | 822 ||| Stepping ~*~*~tactically~*~*~ (hiding).
   825 | D:1      | 825 ||| Stepping ~*~*~tactically~*~*~ (hiding).
   826 | D:1      | 826 ||| Stepping ~*~*~tactically~*~*~ (hiding).
   877 | D:1      | Found Vyciez's Magic Scroll Emporium.
   887 | D:1      | 887 ||| SHOPLISTING 3 scrolls of identify (84 gold, have
                  | 51).
   887 | D:1      | 887 ||| SHOPLISTING scroll of enchant armour (105 gold,
                  | have 51).
   887 | D:1      | 887 ||| SHOPLISTING scroll of enchant weapon (105 gold,
                  | have 51).
   887 | D:1      | 887 ||| BUYING scroll of identify (28 gold).
   887 | D:1      | Bought a scroll of identify for 28 gold pieces
   887 | D:1      | 887 ||| SHOPLISTING scroll of identify (28 gold, have 23).
   887 | D:1      | 887 ||| SHOPLISTING scroll of teleportation (42 gold, have
                  | 23).
   899 | D:1      | Reached skill level 5 in Axes
  1204 | D:1      | Reached XP level 3. HP: 20/31 MP: 2/2
  1313 | D:1      | Found Zemnug's Distillery.
  1321 | D:1      | 1321 ||| SHOPLISTING potion of cancellation (104 gold, have
                  | 23).
  1321 | D:1      | 1321 ||| SHOPLISTING potion of might (52 gold, have 23).
  1321 | D:1      | 1321 ||| SHOPLISTING potion of resistance (130 gold, have
                  | 23).
  1730 | D:1      | 1730 ||| UPGRADING to ring of protection from fire.
  1731 | D:1      | 1731 ||| UPGRADING to ring of resist corrosion.
  1732 | D:1      | 1732 ||| READING scroll labelled BUDUACZ DASUITH.
  1733 | D:1      | 1733 ||| READING 2 scrolls labelled CAWNUL UCAOFAE.
  1734 | D:1      | 1734 ||| READING scroll labelled XEZXOPP JUVEE.
  1866 | D:1      | 1866 ||| READING scroll labelled CURACRUXIH.
  1871 | D:1      | 1871 ||| READING scroll labelled ZYELUB KYMN.
  1872 | D:1      | 1872 ||| DRINKING 2 murky grey potions.
  1873 | D:1      | 1873 ||| DRINKING 3 sapphire potions.
  1874 | D:1      | 1874 ||| DROPPING scroll of vulnerability.
  1875 | D:1      | 1875 ||| DROPPING 2 potions of invisibility.
  1904 | D:2      | 1904 ||| INVOKING Berserk.
  1912 | D:2      | 1912 ||| FLEEEEING.
  1913 | D:2      | 1913 ||| FLEEEEING.
  1914 | D:2      | 1914 ||| FLEEEEING.
  1915 | D:2      | 1915 ||| STAIRDANCE
  2157 | D:2      | Identified the +5 hand axe of qw's Doom {freeze, Dex+2}
  2159 | D:2      | 2159 ||| SWAPPING to +5 hand axe of qw's Doom {freeze,
                  | Dex+2}.
  2160 | D:2      | 2160 ||| DROPPING +0 hand axe.
  2228 | D:2      | 2228 ||| Stepping ~*~*~tactically~*~*~ (stealth).
  2229 | D:2      | 2229 ||| Stepping ~*~*~tactically~*~*~ (stealth).
  2231 | D:2      | 2231 ||| Stepping ~*~*~tactically~*~*~ (stealth).
  2238 | D:2      | Reached skill level 6 in Axes
  2238 | D:2      | Reached XP level 4. HP: 29/39 MP: 3/3
  2354 | D:2      | Found a faded altar of an unknown god.
  2395 | D:2      | Reached ** piety under Trog
  2653 | D:2      | 2653 ||| Stepping ~*~*~tactically~*~*~ (stealth).
  2712 | D:2      | 2712 ||| UPGRADING to +0 kite shield.
  2717 | D:2      | 2717 ||| UPGRADING to +0 scale mail.
  2727 | D:2      | 2727 ||| DROPPING +0 animal skin.
  2728 | D:2      | 2728 ||| READING scroll labelled BUROIHE URUE.
  2729 | D:2      | 2729 ||| READING scroll labelled POIPPO NOPPUUMN.
  2730 | D:2      | 2730 ||| DRINKING 2 yellow potions.
  2731 | D:2      | 2731 ||| READING 2 scrolls of identify.
  2731 | D:2      | 2731 ||| IDENTIFYING sedimented blue potion
  2764 | D:3      | 2764 ||| STAIRDANCE
  2771 | D:3      | Reached skill level 1 in Shields
  2865 | D:3      | 2865 ||| Stepping ~*~*~tactically~*~*~ (stealth).
  2937 | D:3      | Found a burning altar of Makhleb.
  3110 | D:3      | 3110 ||| Stepping ~*~*~tactically~*~*~ (stealth).
  3111 | D:3      | 3111 ||| Stepping ~*~*~tactically~*~*~ (stealth).
  3119 | D:3      | Reached XP level 5. HP: 39/45 MP: 4/4
  3224 | D:3      | Found a sacrificial altar of Ru.
  3251 | D:3      | 3251 ||| UPGRADING to +0 pair of boots.
  3256 | D:3      | 3256 ||| UPGRADING to amulet of guardian spirit.
  3261 | D:3      | 3261 ||| READING scroll labelled TOLYMAUGOT.
  3294 | D:4      | 3294 ||| DROPPING +0 whip.
  3348 | D:4      | Noticed Dowan
  3348 | D:4      | Noticed Duvessa
  3351 | D:4      | 3351 ||| INVOKING Berserk.
  3356 | D:4      | Killed Dowan
  3357 | D:4      | Reached skill level 3 in Shields
  3362 | D:4      | HP: 16/67 [Duvessa/+0 short sword (8)]
  3363 | D:4      | Killed Duvessa
  3364 | D:4      | Reached XP level 6. HP: 10/51 MP: 1/5
  3366 | D:4      | 3366 ||| DRINKING 2 potions of heal wounds.
  3474 | D:4      | Noticed Ijyb
  3475 | D:4      | 3475 ||| Stepping ~*~*~tactically~*~*~ (hiding).
  3477 | D:4      | 3477 ||| INVOKING Berserk.
  3479 | D:4      | Killed Ijyb
  3614 | D:4      | 3614 ||| INVOKING Berserk.
  3723 | D:4      | Noticed Grinder
  3724 | D:4      | 3724 ||| INVOKING Trog's Hand.
  3729 | D:4      | 3729 ||| Stepping ~*~*~tactically~*~*~ (hiding).
  3731 | D:4      | 3731 ||| Stepping ~*~*~tactically~*~*~ (stealth).
  3732 | D:4      | 3732 ||| INVOKING Berserk.
  3745 | D:4      | Reached skill level 7 in Axes
  3746 | D:4      | 3746 ||| INVOKING Trog's Hand.
  3747 | D:4      | Paralysed by Grinder for 3 turns
  3753 | D:4      | HP: 11/52 [Grinder (3)]
  3754 | D:4      | 3754 ||| DRINKING potion of heal wounds.
  3756 | D:4      | 3756 ||| INVOKING Trog's Hand.
  3759 | D:4      | Killed Grinder
  3760 | D:4      | Reached skill level 8 in Axes
  3760 | D:4      | Reached XP level 7. HP: 47/59 MP: 3/6
  4122 | D:4      | 4122 ||| UPGRADING to +2 kite shield.
  4132 | D:4      | 4132 ||| DROPPING +0 kite shield.
  4133 | D:4      | 4133 ||| READING 3 scrolls labelled KIBASEECVO.
  4133 | D:4      | Identified 3 scrolls of acquirement
  4133 | D:4      | 4133 ||| ACQUIRING +2 war axe of electrocution
  4133 | D:4      | Acquired a +2 war axe of electrocution
  4135 | D:4      | 4135 ||| SWAPPING to +2 war axe of electrocution.
  4136 | D:4      | 4136 ||| DROPPING +5 hand axe of qw's Doom {freeze, Dex+2}.
  4137 | D:4      | 4137 ||| READING 2 scrolls of acquirement.
  4137 | D:4      | 4137 ||| ACQUIRING +3 broad axe of freezing
  4137 | D:4      | Acquired a +3 broad axe of freezing
  4139 | D:4      | 4139 ||| SWAPPING to +3 broad axe of freezing.
  4140 | D:4      | 4140 ||| DROPPING +2 war axe of electrocution.
  4141 | D:4      | 4141 ||| READING scroll of acquirement.
  4141 | D:4      | 4141 ||| ACQUIRING ring "Fyuxtai" {rPois rF+ Str+2}
  4141 | D:4      | Acquired the ring "Fyuxtai" {rPois rF+ Str+2}
  4143 | D:4      | 4143 ||| UPGRADING to ring "Fyuxtai" {rPois rF+ Str+2}.
  4145 | D:4      | 4145 ||| UPGRADING to ring of protection from fire.
  4147 | D:4      | 4147 ||| DRINKING 2 glowing clear potions.
  4148 | D:4      | 4148 ||| DRINKING 2 viscous black potions.
  4187 | D:4      | 4187 ||| READING 2 scrolls of identify.
  4187 | D:4      | 4187 ||| IDENTIFYING cyan potion
  4188 | D:4      | 4188 ||| DROPPING potion of lignification.
  4205 | D:5      | Entered Level 5 of the Dungeon
  4230 | D:5      | Reached skill level 6 in Shields
  4297 | D:5      | Noticed Blork the orc
  4299 | D:5      | 4299 ||| INVOKING Berserk.
  4301 | D:5      | Killed Blork the orc
  4447 | D:5      | Reached skill level 9 in Axes
  4466 | D:5      | 4466 ||| Stepping ~*~*~tactically~*~*~ (hiding).
  4594 | D:5      | 4594 ||| Stepping ~*~*~tactically~*~*~ (stealth).
  4595 | D:5      | Noticed Pikel
  4601 | D:5      | 4601 ||| INVOKING Berserk.
  4608 | D:5      | Killed Pikel
  4609 | D:5      | Reached XP level 8. HP: 73/73 MP: 2/7
  4857 | D:5      | 4857 ||| READING 3 scrolls of identify.
  4857 | D:5      | 4857 ||| IDENTIFYING black potion
  4858 | D:5      | 4858 ||| READING 2 scrolls of identify.
  4858 | D:5      | 4858 ||| IDENTIFYING murky emerald potion
  4859 | D:5      | 4859 ||| DROPPING potion of degeneration.
  4860 | D:5      | 4860 ||| DROPPING potion of magic.
  4867 | D:6      | 4867 ||| Stepping ~*~*~tactically~*~*~ (stealth).
  4873 | D:6      | 4873 ||| Stepping ~*~*~tactically~*~*~ (stealth).
  4874 | D:6      | 4874 ||| STAIRDANCE
  4905 | D:6      | 4905 ||| STAIRDANCE
  4907 | D:5      | 4907 ||| INVOKING Berserk.
  5061 | D:6      | 5061 ||| STAIRDANCE
  5208 | D:6      | Reached skill level 10 in Axes
  5460 | D:6      | 5460 ||| DROPPING +2 mace of protection.
  5466 | D:6      | 5466 ||| Stepping ~*~*~tactically~*~*~ (stealth).
  5475 | D:6      | Reached XP level 9. HP: 79/79 MP: 8/8
  5477 | D:6      | 5477 ||| Stepping ~*~*~tactically~*~*~ (stealth).
  5478 | D:6      | 5478 ||| Stepping ~*~*~tactically~*~*~ (stealth).
  5483 | D:6      | 5483 ||| INVOKING Berserk.
  5500 | D:6      | HP: 17/79 [electric eel/bolt of electricity (14)]
  5501 | D:6      | 5501 ||| READING 3 scrolls of teleportation.
  5502 | D:6      | 5502 ||| DRINKING 3 potions of heal wounds.
  5510 | D:6      | Reached skill level 11 in Axes
  5705 | D:6      | 5705 ||| INVOKING Berserk.
  5917 | D:6      | 5917 ||| Stepping ~*~*~tactically~*~*~ (stealth).
  5925 | D:6      | 5925 ||| INVOKING Berserk.
  6130 | D:6      | 6130 ||| READING scroll labelled GUTTA HIOHYHO.
  6131 | D:6      | 6131 ||| READING 2 scrolls of identify.
  6131 | D:6      | 6131 ||| IDENTIFYING bubbling red potion
  6132 | D:6      | 6132 ||| DROPPING potion of ambrosia.
  6218 | D:7      | Reached skill level 1 in Throwing
  6223 | D:7      | 6223 ||| Stepping ~*~*~tactically~*~*~ (stealth).
  6226 | D:7      | Reached skill level 3 in Armour
  6230 | D:7      | 6230 ||| FLEEEEING.
  6231 | D:7      | 6231 ||| FLEEEEING.
  6232 | D:7      | 6232 ||| FLEEEEING.
  6233 | D:7      | 6233 ||| FLEEEEING.
  6234 | D:7      | 6234 ||| FLEEEEING.
  6236 | D:7      | 6236 ||| FLEEEEING.
  6237 | D:7      | 6237 ||| FLEEEEING.
  6238 | D:7      | 6238 ||| FLEEEEING.
  6239 | D:7      | 6239 ||| FLEEEEING.
  6240 | D:7      | 6240 ||| FLEEEEING.
  6243 | D:7      | 6243 ||| FLEEEEING.
  6244 | D:7      | 6244 ||| FLEEEEING.
  6245 | D:7      | 6245 ||| FLEEEEING.
  6246 | D:7      | 6246 ||| FLEEEEING.
  6247 | D:7      | 6247 ||| FLEEEEING.
  6248 | D:7      | 6248 ||| FLEEEEING.
  6250 | D:7      | 6250 ||| FLEEEEING.
  6251 | D:7      | 6251 ||| FLEEEEING.
  6483 | D:7      | 6483 ||| Stepping ~*~*~tactically~*~*~ (stealth).
  6487 | D:7      | 6487 ||| Stepping ~*~*~tactically~*~*~ (stealth).
  6489 | D:7      | 6489 ||| INVOKING Berserk.
  6642 | D:7      | 6642 ||| INVOKING Berserk.
  6782 | D:7      | 6782 ||| Stepping ~*~*~tactically~*~*~ (stealth).
  6783 | D:7      | 6783 ||| Stepping ~*~*~tactically~*~*~ (stealth).
  6843 | D:7      | Found a staircase to the Ecumenical Temple.
  7263 | D:7      | 7263 ||| Stepping ~*~*~tactically~*~*~ (hiding).
  7267 | D:7      | 7267 ||| INVOKING Berserk.
  7270 | D:7      | Reached skill level 12 in Axes
  7587 | D:7      | 7587 ||| UPGRADING to +0 chain mail.
  7597 | D:7      | 7597 ||| DROPPING +0 scale mail.
  7598 | D:7      | 7598 ||| UPGRADING to +0 cloak.
  7603 | D:7      | 7603 ||| DROPPING ring of positive energy.
  7604 | D:7      | 7604 ||| UPGRADING to +4 ring of evasion.
  7606 | D:7      | 7606 ||| DROPPING ring of resist corrosion.
  7607 | D:7      | 7607 ||| READING 2 scrolls of identify.
  7607 | D:7      | 7607 ||| IDENTIFYING amethyst potion
  7608 | D:7      | 7608 ||| DROPPING potion of brilliance.
  7826 | D:8      | 7826 ||| Stepping ~*~*~tactically~*~*~ (stealth).
  7827 | D:8      | Noticed Joseph
  7828 | D:8      | 7828 ||| Stepping ~*~*~tactically~*~*~ (stealth).
  7849 | D:8      | Killed Joseph
  8001 | D:8      | Noticed Gastronok
  8002 | D:8      | 8002 ||| Stepping ~*~*~tactically~*~*~ (stealth).
  8004 | D:8      | 8004 ||| Stepping ~*~*~tactically~*~*~ (hiding).
  8012 | D:8      | 8012 ||| INVOKING Berserk.
  8021 | D:8      | HP: 10/118 [Gastronok (30)]
  8023 | D:8      | Killed Gastronok
  8024 | D:8      | Reached XP level 10. HP: 12/86 MP: 0/9
  8344 | D:8      | 8344 ||| Stepping ~*~*~tactically~*~*~ (hiding).
  8345 | D:8      | 8345 ||| Stepping ~*~*~tactically~*~*~ (hiding).
  8352 | D:8      | Reached *** piety under Trog
  8358 | D:8      | 8358 ||| Stepping ~*~*~tactically~*~*~ (stealth).
  8362 | D:8      | 8362 ||| FLEEEEING.
  8729 | D:8      | Noticed Maggie
  8730 | D:8      | 8730 ||| Stepping ~*~*~tactically~*~*~ (stealth).
  8731 | D:8      | 8731 ||| Stepping ~*~*~tactically~*~*~ (stealth).
  8741 | D:8      | Killed Maggie
  8761 | D:8      | 8761 ||| DROPPING +3 morningstar.
  8786 | D:8      | 8786 ||| UPGRADING to +1 hat of intelligence.
  8791 | D:8      | 8791 ||| READING 2 scrolls of identify.
  8791 | D:8      | 8791 ||| IDENTIFYING orange potion
  9025 | D:9      | Reached skill level 13 in Axes
  9028 | D:9      | Reached skill level 3 in Dodging
  9625 | D:9      | Noticed a two-headed ogre
  9629 | D:9      | 9629 ||| INVOKING Berserk.
  9631 | D:9      | Killed a two-headed ogre
  9848 | D:9      | 9848 ||| UPGRADING to +0 tower shield.
  9858 | D:9      | 9858 ||| DROPPING +2 kite shield.
  9888 | D:10     | Entered Level 10 of the Dungeon
  9895 | D:10     | 9895 ||| Stepping ~*~*~tactically~*~*~ (stealth).
  9896 | D:10     | 9896 ||| Stepping ~*~*~tactically~*~*~ (stealth).
  9897 | D:10     | 9897 ||| Stepping ~*~*~tactically~*~*~ (stealth).
  9899 | D:10     | 9899 ||| INVOKING Berserk.
  9905 | D:10     | Noticed an elephant
  9913 | D:10     | Killed an elephant
  9956 | D:10     | 9956 ||| Stepping ~*~*~tactically~*~*~ (stealth).
 10026 | D:10     | Found a staircase to the Lair.
 10093 | D:10     | Reached XP level 11. HP: 94/94 MP: 10/10
 10114 | D:10     | Noticed a two-headed ogre
 10115 | D:10     | 10115 ||| Stepping ~*~*~tactically~*~*~ (stealth).
 10119 | D:10     | 10119 ||| Stepping ~*~*~tactically~*~*~ (stealth).
 10121 | D:10     | 10121 ||| Stepping ~*~*~tactically~*~*~ (stealth).
 10131 | D:10     | Reached skill level 12 in Shields
 10141 | D:10     | 10141 ||| INVOKING Berserk.
 10143 | D:10     | Killed a two-headed ogre
 10677 | D:10     | 10677 ||| Stepping ~*~*~tactically~*~*~ (hiding).
 10685 | D:10     | 10685 ||| FLEEEEING.
 10690 | D:10     | 10690 ||| FLEEEEING.
 10699 | D:10     | 10699 ||| STAIRDANCE
 10766 | D:9      | 10766 ||| READING scroll labelled EPHYNEJEIT.
 10767 | D:9      | 10767 ||| READING scroll labelled NIC BIQOAWA.
 10768 | D:9      | 10768 ||| DRINKING 2 murky sapphire potions.
 10769 | D:9      | 10769 ||| READING 2 scrolls of identify.
 10769 | D:9      | 10769 ||| IDENTIFYING viscous blue potion
 10770 | D:9      | 10770 ||| DROPPING potion of flight.
 10771 | D:9      | 10771 ||| DROPPING potion of attraction.
 10787 | D:10     | Reached skill level 14 in Axes
 10790 | D:10     | Reached skill level 6 in Armour
 10847 | D:10     | 10847 ||| INVOKING Berserk.
 10928 | D:10     | 10928 ||| Stepping ~*~*~tactically~*~*~ (stealth).
 10932 | D:10     | 10932 ||| Stepping ~*~*~tactically~*~*~ (stealth).
 10945 | D:10     | 10945 ||| INVOKING Berserk.
 10953 | D:10     | Noticed a two-headed ogre
 10957 | D:10     | Killed a two-headed ogre
 10971 | D:10     | 10971 ||| FLEEEEING.
 11033 | D:10     | Reached **** piety under Trog
 11060 | D:10     | 11060 ||| INVOKING Berserk.
 11213 | D:10     | 11213 ||| INVOKING Berserk.
 11230 | D:10     | 11230 ||| Stepping ~*~*~tactically~*~*~ (stealth).
 11231 | D:10     | 11231 ||| Stepping ~*~*~tactically~*~*~ (stealth).
 11405 | D:10     | 11405 ||| PLANNING LAIR
 11405 | D:10     | 11405 ||| UPGRADING to +0 plate armour.
 11415 | D:10     | 11415 ||| DROPPING +0 chain mail.
 11481 | Lair:1   | Entered Level 1 of the Lair of Beasts
 11599 | Lair:1   | 11599 ||| INVOKING Berserk.
 11715 | Lair:1   | Identified the +1 ring mail of Digruger {Will- rCorr
                  | Slay+2}
 11717 | Lair:1   | 11717 ||| INVOKING Berserk.
 11900 | Lair:1   | Reached skill level 15 in Axes
 11961 | Lair:1   | Noticed Fannar
 11988 | Lair:1   | Killed Fannar
 11989 | Lair:1   | Reached skill level 9 in Fighting
 12065 | Lair:1   | 12065 ||| Stepping ~*~*~tactically~*~*~ (stealth).
 12073 | Lair:1   | 12073 ||| INVOKING Berserk.
 12080 | Lair:1   | Reached XP level 12. HP: 104/104 MP: 9/11
 12245 | Lair:1   | 12245 ||| Stepping ~*~*~tactically~*~*~ (stealth).
 12261 | Lair:1   | 12261 ||| Stepping ~*~*~tactically~*~*~ (stealth).
 12265 | Lair:1   | 12265 ||| Stepping ~*~*~tactically~*~*~ (stealth).
 12269 | Lair:1   | 12269 ||| INVOKING Berserk.
 12449 | Lair:1   | 12449 ||| INVOKING Berserk.
 13115 | Lair:2   | 13115 ||| Stepping ~*~*~tactically~*~*~ (hiding).
 13117 | Lair:2   | 13117 ||| Stepping ~*~*~tactically~*~*~ (hiding).
 13122 | Lair:2   | 13122 ||| INVOKING Berserk.
 13133 | Lair:2   | 13133 ||| FLEEEEING.
 13263 | Lair:2   | 13263 ||| FLEEEEING.
 13264 | Lair:2   | 13264 ||| FLEEEEING.
 13266 | Lair:2   | 13266 ||| FLEEEEING.
 13267 | Lair:2   | 13267 ||| FLEEEEING.
 13349 | Lair:2   | 13349 ||| Stepping ~*~*~tactically~*~*~ (stealth).
 13350 | Lair:2   | 13350 ||| INVOKING Berserk.
 13370 | Lair:2   | Reached skill level 16 in Axes
 13443 | Lair:2   | 13443 ||| Stepping ~*~*~tactically~*~*~ (stealth).
 13451 | Lair:2   | 13451 ||| INVOKING Berserk.
 13553 | Lair:2   | Found a hole to the Spider Nest.
 13655 | Lair:2   | 13655 ||| INVOKING Berserk.
 13789 | Lair:2   | Found a staircase to the Shoals.
 14066 | Lair:2   | 14066 ||| Stepping ~*~*~tactically~*~*~ (stealth).
 14071 | Lair:2   | 14071 ||| FLEEEEING.
 14072 | Lair:2   | 14072 ||| FLEEEEING.
 14073 | Lair:2   | 14073 ||| FLEEEEING.
 14074 | Lair:2   | 14074 ||| FLEEEEING.
 14181 | Lair:2   | 14181 ||| FLEEEEING.
 14524 | Lair:2   | 14524 ||| READING scroll labelled CIG GUQUVENGE.
 14553 | Lair:3   | Noticed a boulder beetle
 14555 | Lair:3   | 14555 ||| INVOKING Berserk.
 14562 | Lair:3   | Killed a boulder beetle
 14563 | Lair:3   | Reached skill level 17 in Axes
 14573 | Lair:3   | 14573 ||| DRINKING potion of cancellation.
 14581 | Lair:3   | 14581 ||| FLEEEEING.
 14582 | Lair:3   | 14582 ||| FLEEEEING.
 14583 | Lair:3   | 14583 ||| FLEEEEING.
 14584 | Lair:3   | 14584 ||| STAIRDANCE
 14672 | Lair:3   | 14672 ||| STAIRDANCE
 14674 | Lair:2   | 14674 ||| INVOKING Berserk.
 14806 | Lair:3   | 14806 ||| STAIRDANCE
 14808 | Lair:2   | 14808 ||| INVOKING Berserk.
 14939 | Lair:3   | 14939 ||| INVOKING Berserk.
 15065 | Lair:3   | Reached skill level 9 in Armour
 15075 | Lair:3   | Noticed a death yak
 15075 | Lair:3   | Noticed a death yak
 15075 | Lair:3   | Noticed a death yak
 15075 | Lair:3   | Noticed a death yak
 15076 | Lair:3   | 15076 ||| Stepping ~*~*~tactically~*~*~ (stealth).
 15077 | Lair:3   | Noticed a death yak
 15079 | Lair:3   | Noticed a death yak
 15080 | Lair:3   | 15080 ||| Stepping ~*~*~tactically~*~*~ (stealth).
 15084 | Lair:3   | 15084 ||| INVOKING Berserk.
 15090 | Lair:3   | Killed a death yak
 15091 | Lair:3   | Reached skill level 15 in Shields
 15093 | Lair:3   | Killed a death yak
 15094 | Lair:3   | Killed a death yak
 15097 | Lair:3   | Killed a death yak
 15098 | Lair:3   | Reached XP level 13. HP: 108/113 MP: 7/12
 15301 | Lair:3   | 15301 ||| Stepping ~*~*~tactically~*~*~ (stealth).
 15305 | Lair:3   | 15305 ||| INVOKING Berserk.
 15433 | Lair:3   | 15433 ||| Stepping ~*~*~tactically~*~*~ (stealth).
 15443 | Lair:3   | 15443 ||| INVOKING Berserk.
 15465 | Lair:3   | 15465 ||| INVOKING Brothers in Arms.
 15466 | Lair:3   | 15466 ||| INVOKING Brothers in Arms.
 15467 | Lair:3   | 15467 ||| INVOKING Brothers in Arms.
 15468 | Lair:3   | 15468 ||| SWAPPING to +1 morningstar of draining.
 15475 | Lair:3   | 15475 ||| SWAPPING to +4 vorpal broad axe.
 15629 | Lair:3   | 15629 ||| INVOKING Berserk.
 15642 | Lair:3   | Reached skill level 18 in Axes
 15644 | Lair:3   | 15644 ||| Stepping ~*~*~tactically~*~*~ (stealth).
 16165 | Lair:3   | 16165 ||| DROPPING ring of willpower.
 16166 | Lair:3   | 16166 ||| DROPPING ring of ice.
 16167 | Lair:3   | 16167 ||| READING scroll labelled YLIRGHA NAOLOXKIDD.
 16223 | Lair:4   | 16223 ||| INVOKING Berserk.
 16255 | Lair:4   | 16255 ||| FLEEEEING.
 16256 | Lair:4   | 16256 ||| FLEEEEING.
 16257 | Lair:4   | 16257 ||| FLEEEEING.
 16258 | Lair:4   | 16258 ||| FLEEEEING.
 16260 | Lair:4   | 16260 ||| FLEEEEING.
 16261 | Lair:4   | 16261 ||| STAIRDANCE
 16461 | Lair:4   | 16461 ||| INVOKING Berserk.
 16864 | Lair:4   | 16864 ||| INVOKING Berserk.
 17029 | Lair:4   | 17029 ||| INVOKING Berserk.
 17456 | Lair:4   | 17456 ||| READING scroll labelled YKLENI ECUOTO.
 17496 | Lair:5   | Entered Level 5 of the Lair of Beasts
 17516 | Lair:5   | 17516 ||| Stepping ~*~*~tactically~*~*~ (stealth).
 17522 | Lair:5   | 17522 ||| Stepping ~*~*~tactically~*~*~ (stealth).
 17526 | Lair:5   | 17526 ||| Stepping ~*~*~tactically~*~*~ (stealth).
 17594 | Lair:5   | 17594 ||| INVOKING Berserk.
 17717 | Lair:5   | 17717 ||| INVOKING Berserk.
 17736 | Lair:5   | HP: 35/174 [komodo dragon (18)]
 17736 | Lair:5   | HP: 17/174 [11-headed hydra (11)]
 17736 | Lair:5   | HP: 8/174 [11-headed hydra (9)]
 17737 | Lair:5   | HP: 1/174 [poisoned by a sea snake]
 17737 | Lair:5   | Slain by a harpy

Levels and vault maps discovered:
D:1:      spicycebolla_arrival_transporter_tutorial, layout_basic, serial_shops,
          shop, nicolae_shop_trees, nicolae_shop_statue_plus, shop,
          minmay_pentomino_w4
D:2:      layout_rooms, chequers_ecumenical_altar_lobes,
          hangedman_decor_diamond_cutter, minmay_crystal_water,
          grunt_decor_resistance, kennysheep_generic_room_10
D:3:      layout_rooms, mainiacjoe_overflow_divided_tiny
D:4:      layout_rooms, uniq_duvessa, uniq_ijyb, uniq_grinder
D:5:      layout_rooms, uniq_blork_the_orc, uniq_pikel
D:6:      layout_rooms, serial_bayou_ford_a
D:7:      layout_basic, minmay_temple_entry_nine_rooms
D:8:      layout_basic, uniq_maggie, uniq_joseph, uniq_gastronok
D:9:      layout_gridville, nrook_loot_triangle, st_stairs_7
D:10:     layout_roguey, david_lair_generic, serial_bayou_pond_b,
          dreamdust_princess_corridor, kennysheep_generic_room_8
Lair:1:   layout_regular_city, ldierk_geyser, st_stairs_5, uniq_fannar
Lair:2:   layout_layer_cave, minmay_shoals_entry_hut,
          spider_nest_entry_web_field, grunt_megastairs_5,
          infiniplex_staircase_pool
Lair:3:   beast_lair_carwin_large_4, layout_misc_corridors, st_stairs_8
Lair:4:   layout_long_grid
Lair:5:   gammafunk_lair_ancient_temple, layout_hall_layers,
          minmay_slime_entry_oklob_enclosed

Skill      XL: |  1  2  3  4  5  6  7  8  9 10 11 12 13 |
---------------+----------------------------------------+-----
Axes           | 4 5 6 8 9 10 12 13 15 17 18 | 18.0
Shields        | 2 5 6 7 10 11 14 15 16 | 16.0
Fighting       | 4 7 8 9 10 11 | 11.0
Throwing       | 1 |  1.4
Armour         | 5 7 9 10 | 10.0
Dodging        | 3 4 |  4.3

Action                   |  1- 3 |  4- 6 |  7- 9 | 10-12 | 13-15 || total
-------------------------+-------+-------+-------+-------+-------++-------
Melee: Hand axe          |    92 |    97 |     2 |       |       ||   191
       Headbutt          |    11 |     7 |    25 |    85 |    28 ||   156
       Broad axe         |       |       |   165 |   413 |   146 ||   724
       Morningstar       |       |       |       |       |     5 ||     5
Throw: Boomerang         |       |       |    11 |    71 |       ||    82
Invok: Berserk           |     2 |     4 |    10 |    21 |     9 ||    46
       Trog's Hand       |       |     3 |       |       |       ||     3
       Brothers in Arms  |       |       |       |       |     1 ||     1
  Use: Scroll            |     5 |     4 |    10 |     5 |     2 ||    26
       Potion            |     2 |     3 |     3 |     2 |       ||    10
Armor: Animal skin       |    13 |     1 |       |       |       ||    14
       Scale mail        |       |    23 |    12 |       |       ||    35
       Chain mail        |       |       |     3 |    37 |       ||    40
       Plate armour      |       |       |       |    62 |    58 ||   120
Dodge: Dodged            |    42 |    23 |    47 |   130 |    69 ||   311
Block: Kite shield       |       |    28 |    69 |    38 |       ||   135
       Tower shield      |       |       |       |   272 |   143 ||   415

Table legend:
 A = Non-vault XP
 B = Vault XP
 C = Vault XP percentage of total XP
 D = Non-vault monster count
 E = Vault monster count
 F = Vault count percentage of total count
                 A         B        C        D         E       F
            +---------+---------+-------+---------+---------+-------
      Total |   39475 |   14978 |  27.5 |     285 |      55 |  16.2
            +---------+---------+-------+---------+---------+-------
        D:1 |      38 |       8 |  17.4 |      21 |       5 |  19.2
        D:2 |      87 |       0 |   0.0 |      17 |       0 |   0.0
        D:3 |      66 |       0 |   0.0 |      27 |       0 |   0.0
        D:4 |     199 |     540 |  73.1 |      17 |       4 |  19.0
        D:5 |     712 |     759 |  51.6 |       8 |       2 |  20.0
        D:6 |    1095 |       0 |   0.0 |      20 |       0 |   0.0
        D:7 |     901 |       0 |   0.0 |      15 |       0 |   0.0
        D:8 |     719 |    2289 |  76.1 |      15 |       3 |  16.7
        D:9 |    1628 |     428 |  20.8 |      19 |       2 |   9.5
       D:10 |    4895 |    3094 |  38.7 |      26 |      13 |  33.3
     Lair:1 |    4782 |    1780 |  27.1 |      21 |       3 |  12.5
     Lair:2 |    5893 |    1201 |  16.9 |      25 |       4 |  13.8
     Lair:3 |   11051 |    2856 |  20.5 |      24 |      14 |  36.8
     Lair:4 |    5584 |       0 |   0.0 |      25 |       0 |   0.0
     Lair:5 |    1825 |    2023 |  52.6 |       5 |       5 |  50.0
            +---------+---------+-------+---------+---------+-------
